3137 views
Uploaded 2020-07-13 17:17:24
Game version 1.32.6 / 1.32.7
25:33 long 4on4 ladder game on (8)Northshire_LV
Saved by koz
3137 views
Uploaded 2020-07-13 17:17:24
Game version 1.32.6 / 1.32.7
25:33 long 4on4 ladder game on (8)Northshire_LV


203 units @ 26.5k
/ 4.1k
93 buildings @ 16.1k
/ 7.2k

| Potion of Healing | 1 | 150 |
| Lesser Clarity Potion | 2 | 140 |
| Scroll of Town Portal | 4 | 1400 |
| Scroll of Healing | 1 | 250 |
| Boots of Speed | 1 | 250 |
| Scroll of Protection | 3 | 450 |
| total: | 12 | 2640g |
| Wisp | 38 | 2280 | / | 0 |
| Archer | 5 | 650 | / | 50 |
| Dryad | 15 | 2175 | / | 900 |
| Mountain Giant | 1 | 350 | / | 100 |
| total: | 59 | 5455g | / | 1050w |
| Ancient of War | 1 | 150 | / | 60 |
| Moon Well | 10 | 1800 | / | 400 |
| Altar of Elders | 1 | 180 | / | 50 |
| Hunter's Hall | 1 | 210 | / | 100 |
| Tree of Life | 2 | 680 | / | 370 |
| Ancient of Wonders | 3 | 270 | / | 90 |
| Ancient of Lore | 6 | 930 | / | 870 |
| Tree of Ages | 1 | 320 | / | 180 |
| Tree of Eternity | 2 | 660 | / | 400 |
| total: | 24 | 4220g | / | 1940w |
| 0:04 | Wisp |
| 0:04 | Wisp |
| 0:06 | Wisp |
| 0:14 | Wisp |
| 0:26 | Wisp |
| 0:35 | Wisp |
| 0:49 | Ancient of War |
| 1:03 | Moon Well |
| 1:05 | Wisp |
| 1:10 | Altar of Elders |
| 1:12 | Wisp |
| 1:12 | Wisp |
| 1:39 | Moon Well |
| 1:53 | Archer |
| 1:54 | Archer |
| 1:56 | Archer |
| 2:47 | Archer |
| 2:48 | Archer |
| 2:56 | Hunter's Hall |
| 3:08 | Wisp |
| 3:09 | Wisp |
| 3:09 | Wisp |
| 3:09 | Wisp |
| 3:13 | Wisp |
| 3:25 | Frost Arrows |
| 4:04 | Strength of the Moon |
| 4:04 | Moon Armor |
| 4:21 | Tree of Ages |
| 4:42 | Boots of Speed |
| 4:58 | Strength of the Wild |
| 4:59 | Ultravision |
| 5:00 | Improved Strength of the Wild |
| 5:00 | Reinforced Hides |
| 5:03 | Moon Well |
| 5:04 | Moon Well |
| 5:05 | Moon Well |
| 6:07 | Tree of Life |
| 6:12 | Forked Lightning |
| 6:27 | Frost Arrows |
| 6:51 | Ancient of Wonders |
| 7:07 | Advanced Strength of the Wild |
| 7:14 | Ancient of Lore |
| 7:15 | Ancient of Lore |
| 8:30 | Dryad |
| 8:31 | Dryad |
| 8:32 | Dryad |
| 8:33 | Dryad |
| 8:35 | Wisp |
| 8:35 | Wisp |
| 8:35 | Wisp |
| 8:37 | Wisp |
| 8:37 | Wisp |
| 8:47 | Scroll of Town Portal |
| 8:56 | Wisp |
| 8:56 | Wisp |
| 8:57 | Wisp |
| 9:32 | Dryad |
| 9:37 | Potion of Healing |
| 9:51 | Dryad |
| 9:53 | Abolish Magic |
| 10:27 | Improved Reinforced Hides |
| 10:30 | Dryad |
| 10:34 | Moon Well |
| 11:26 | Dryad |
| 11:26 | Dryad |
| 12:10 | Forked Lightning |
| 12:27 | Dryad |
| 12:43 | Scroll of Protection |
| 13:01 | Lesser Clarity Potion |
| 13:25 | Dryad |
| 13:25 | Dryad |
| 13:28 | Mountain Giant |
| 13:28 | Dryad |
| 14:51 | Dryad |
| 14:51 | Dryad |
| 15:03 | Frost Arrows |
| 15:05 | Scroll of Healing |
| 15:14 | Scroll of Protection |
| 15:28 | Tree of Eternity |
| 16:40 | Scroll of Town Portal |
| 17:51 | Ancient of Wonders |
| 17:53 | Wisp |
| 17:53 | Wisp |
| 17:53 | Wisp |
| 17:54 | Wisp |
| 17:54 | Wisp |
| 18:00 | Ancient of Lore |
| 18:00 | Ancient of Lore |
| 18:38 | Scroll of Town Portal |
| 18:44 | Tree of Life |
| 18:50 | Advanced Reinforced Hides |
| 18:53 | Wisp |
| 18:53 | Wisp |
| 18:53 | Wisp |
| 19:41 | Ancient of Wonders |
| 19:45 | Ancient of Lore |
| 19:46 | Ancient of Lore |
| 21:25 | Forked Lightning |
| 22:13 | Lesser Clarity Potion |
| 22:22 | Wisp |
| 22:22 | Wisp |
| 22:22 | Wisp |
| 22:22 | Wisp |
| 22:22 | Wisp |
| 22:38 | Wisp |
| 22:38 | Wisp |
| 22:39 | Wisp |
| 22:42 | Moon Well |
| 22:43 | Moon Well |
| 22:44 | Moon Well |
| 22:44 | Moon Well |
| 23:27 | Scroll of Town Portal |
| 23:27 | Scroll of Protection |
| 25:10 | Tornado |
| Right click | 1097 |
| Select | 602 |
| Select group | 423 |
| Assign group | 386 |
| Build/train/purchase | 126 |
| Minimap ping | 44 |
| Misc. action | 28 |
| Use ability | 28 |
| Esc | 5 |
| Item give/drop | 3 |
| Remove unit | 3 |


| Healing Salve | 3 | 300 |
| Scroll of Speed | 3 | 150 |
| Lesser Clarity Potion | 2 | 140 |
| Orb of Lightning | 1 | 375 |
| Scroll of Town Portal | 5 | 1750 |
| Circlet of Nobility | 1 | 175 |
| Staff of Teleportation | 1 | 150 |
| Boots of Speed | 1 | 250 |
| Potion of Lesser Invulnerability | 1 | 150 |
| total: | 18 | 3440g |
| Peon | 11 | 825 | / | 0 |
| Shaman | 12 | 1560 | / | 240 |
| Tauren | 9 | 2520 | / | 720 |
| Troll Witch Doctor | 13 | 1885 | / | 325 |
| Goblin Shredder | 1 | 375 | / | 100 |
| total: | 46 | 7165g | / | 1385w |
| Watch Tower | 4 | 440 | / | 320 |
| Altar of Storms | 1 | 180 | / | 50 |
| Orc Burrow | 7 | 1120 | / | 280 |
| Voodoo Lounge | 1 | 130 | / | 30 |
| War Mill | 1 | 205 | / | 0 |
| Great Hall | 4 | 1540 | / | 740 |
| Spirit Lodge | 2 | 300 | / | 300 |
| Tauren Totem | 2 | 270 | / | 310 |
| Stronghold | 1 | 315 | / | 190 |
| Fortress | 1 | 325 | / | 190 |
| total: | 22 | 4185g | / | 2030w |
| 0:02 | Peon |
| 0:02 | Peon |
| 0:06 | Altar of Storms |
| 0:19 | Orc Burrow |
| 0:21 | Peon |
| 0:46 | Peon |
| 0:49 | Voodoo Lounge |
| 1:04 | War Mill |
| 1:07 | Peon |
| 1:23 | Peon |
| 1:37 | Peon |
| 1:54 | Peon |
| 2:07 | Healing Salve |
| 2:07 | Scroll of Speed |
| 2:08 | Wind Walk |
| 2:17 | Stronghold |
| 2:36 | Circlet of Nobility |
| 3:57 | Orc Burrow |
| 4:35 | Staff of Teleportation |
| 4:37 | Boots of Speed |
| 4:41 | Spirit Lodge |
| 4:56 | Spirit Lodge |
| 4:57 | Fortress |
| 5:00 | Tauren Totem |
| 6:03 | Shaman Adept Training |
| 6:08 | Critical Strike |
| 6:17 | Witch Doctor Adept Training |
| 6:40 | Lesser Clarity Potion |
| 6:41 | Healing Salve |
| 6:48 | Orc Burrow |
| 7:00 | War Stomp |
| 7:15 | Goblin Shredder |
| 7:21 | Pulverize |
| 7:57 | Shaman Master Training |
| 7:57 | Shaman |
| 7:58 | Shaman |
| 7:59 | Witch Doctor Master Training |
| 8:28 | Great Hall |
| 8:54 | Tauren |
| 8:55 | Orc Burrow |
| 8:56 | Endurance Aura |
| 9:05 | Troll Witch Doctor |
| 9:13 | Steel Armor |
| 9:46 | Scroll of Town Portal |
| 9:57 | Orc Burrow |
| 9:58 | Steel Melee Weapons |
| 10:37 | Troll Witch Doctor |
| 10:38 | Troll Witch Doctor |
| 10:56 | Wind Walk |
| 11:05 | Watch Tower |
| 12:19 | Troll Witch Doctor |
| 12:19 | Troll Witch Doctor |
| 12:22 | Shaman |
| 12:22 | Shaman |
| 12:26 | Potion of Lesser Invulnerability |
| 12:26 | Scroll of Town Portal |
| 12:46 | Watch Tower |
| 12:49 | Reinforced Defenses |
| 12:53 | Shaman |
| 12:54 | Tauren |
| 12:54 | Tauren |
| 12:57 | Tauren Totem |
| 12:59 | Orc Burrow |
| 13:04 | Lesser Clarity Potion |
| 13:06 | Healing Salve |
| 13:20 | Thorium Armor |
| 13:34 | Scroll of Speed |
| 14:07 | War Stomp |
| 14:21 | Critical Strike |
| 14:39 | Troll Witch Doctor |
| 14:41 | Tauren |
| 14:44 | Orc Burrow |
| 14:50 | Great Hall |
| 15:06 | Scroll of Town Portal |
| 15:26 | Shaman |
| 15:26 | Shaman |
| 15:27 | Troll Witch Doctor |
| 15:27 | Troll Witch Doctor |
| 15:45 | Tauren |
| 15:46 | Tauren |
| 16:19 | Watch Tower |
| 17:14 | Endurance Aura |
| 17:18 | Watch Tower |
| 17:34 | Tauren |
| 17:35 | Shaman |
| 17:35 | Troll Witch Doctor |
| 17:50 | Peon |
| 18:36 | Troll Witch Doctor |
| 18:37 | Shaman |
| 18:38 | Shaman |
| 18:39 | Tauren |
| 19:06 | Thorium Melee Weapons |
| 19:20 | Scroll of Town Portal |
| 19:34 | Great Hall |
| 19:55 | Troll Witch Doctor |
| 19:56 | Arcanite Armor |
| 20:25 | Peon |
| 20:49 | Critical Strike |
| 21:04 | Scroll of Town Portal |
| 21:09 | Scroll of Speed |
| 21:09 | Orb of Lightning |
| 22:04 | Great Hall |
| 22:13 | Troll Witch Doctor |
| 22:25 | War Stomp |
| 22:58 | Reincarnation |
| 23:10 | Troll Witch Doctor |
| 23:23 | Shaman |
| 23:23 | Shaman |
| 23:25 | Tauren |
| 23:27 | Arcanite Melee Weapons |
| 24:45 | Bladestorm |
| 25:12 | Endurance Aura |
| 25:22 | Peon |
| Right click | 1443 |
| Select group | 1329 |
| Select | 743 |
| Build/train/purchase | 145 |
| Misc. action | 86 |
| Use ability | 59 |
| Assign group | 37 |
| Minimap ping | 18 |
| Item give/drop | 6 |
| Esc | 4 |
| Remove unit | 1 |
WhoKnowJames
(25:32) : 

| Lesser Clarity Potion | 2 | 140 |
| Moonstone | 1 | 50 |
| Staff of Preservation | 1 | 150 |
| Orb of Venom | 1 | 325 |
| Potion of Mana | 2 | 400 |
| Scroll of Town Portal | 7 | 2450 |
| Scroll of Healing | 3 | 750 |
| Staff of Teleportation | 2 | 300 |
| Potion of Lesser Invulnerability | 1 | 150 |
| Healing Salve | 1 | 100 |
| total: | 21 | 4815g |
| Wisp | 27 | 1620 | / | 0 |
| Archer | 21 | 2730 | / | 210 |
| Hippogryph | 12 | 1920 | / | 240 |
| Goblin Shredder | 1 | 375 | / | 100 |
| total: | 61 | 6645g | / | 550w |
| Ancient Protector | 6 | 810 | / | 480 |
| Altar of Elders | 1 | 180 | / | 50 |
| Moon Well | 8 | 1440 | / | 320 |
| Ancient of War | 2 | 300 | / | 120 |
| Ancient of Wonders | 3 | 270 | / | 90 |
| Tree of Life | 2 | 680 | / | 370 |
| Hunter's Hall | 1 | 210 | / | 100 |
| Ancient of Wind | 2 | 300 | / | 280 |
| Tree of Ages | 2 | 640 | / | 360 |
| Tree of Eternity | 1 | 330 | / | 200 |
| total: | 25 | 4190g | / | 1810w |
| 0:04 | Wisp |
| 0:08 | Altar of Elders |
| 0:11 | Moon Well |
| 0:14 | Wisp |
| 0:30 | Ancient of War |
| 0:33 | Wisp |
| 0:48 | Wisp |
| 1:01 | Wisp |
| 1:06 | Wisp |
| 1:21 | Wisp |
| 1:28 | Moon Well |
| 1:34 | Archer |
| 1:34 | Archer |
| 1:39 | Wisp |
| 1:48 | Wisp |
| 1:53 | Ancient of Wonders |
| 2:04 | Wisp |
| 2:15 | Fan of Knives |
| 2:53 | Wisp |
| 2:53 | Wisp |
| 3:05 | Tree of Life |
| 3:27 | Wisp |
| 3:27 | Wisp |
| 3:30 | Tree of Ages |
| 3:34 | Blink |
| 3:50 | Hunter's Hall |
| 4:11 | Archer |
| 4:11 | Archer |
| 4:16 | Ancient of Wonders |
| 5:11 | Moon Well |
| 5:13 | Goblin Shredder |
| 5:17 | Wisp |
| 5:17 | Wisp |
| 5:19 | Wisp |
| 5:22 | Fan of Knives |
| 5:29 | Wisp |
| 5:43 | Ancient Protector |
| 6:15 | Ancient Protector |
| 6:30 | Ancient Protector |
| 6:31 | Wisp |
| 6:38 | Ultravision |
| 6:51 | Ancient Protector |
| 6:53 | Wisp |
| 7:11 | Moon Well |
| 7:14 | Tree of Eternity |
| 7:25 | Trueshot Aura |
| 7:43 | Archer |
| 7:43 | Archer |
| 7:46 | Strength of the Moon |
| 8:01 | Moon Armor |
| 8:06 | Moon Well |
| 8:09 | Improved Bows |
| 8:25 | Healing Salve |
| 8:30 | Lesser Clarity Potion |
| 8:53 | Ancient of War |
| 8:55 | Wisp |
| 9:04 | Scroll of Town Portal |
| 9:09 | Ancient of Wind |
| 9:13 | Ancient of Wind |
| 9:24 | Wisp |
| 9:24 | Wisp |
| 9:24 | Wisp |
| 10:03 | Archer |
| 10:03 | Archer |
| 10:41 | Moonstone |
| 10:43 | Scroll of Town Portal |
| 10:43 | Staff of Preservation |
| 10:44 | Orb of Venom |
| 10:48 | Archer |
| 10:49 | Hippogryph |
| 10:51 | Marksmanship |
| 10:53 | Improved Strength of the Moon |
| 11:14 | Hippogryph |
| 12:16 | Blink |
| 12:39 | Archer |
| 12:40 | Hippogryph |
| 12:45 | Scout |
| 12:52 | Advanced Strength of the Moon |
| 13:04 | Archer |
| 13:25 | Hippogryph |
| 13:25 | Hippogryph |
| 13:27 | Archer |
| 13:27 | Archer |
| 14:47 | Tree of Life |
| 14:53 | Moon Well |
| 15:14 | Moon Well |
| 15:17 | Moon Well |
| 15:20 | Ancient Protector |
| 15:24 | Ancient Protector |
| 16:02 | Tree of Ages |
| 16:30 | Staff of Teleportation |
| 17:51 | Scroll of Town Portal |
| 17:54 | Scroll of Healing |
| 18:44 | Scroll of Town Portal |
| 19:06 | Fan of Knives |
| 19:14 | Trueshot Aura |
| 19:20 | Wisp |
| 19:20 | Wisp |
| 19:32 | Archer |
| 19:35 | Hippogryph |
| 19:40 | Staff of Teleportation |
| 20:12 | Wisp |
| 20:29 | Archer |
| 21:18 | Ancient of Wonders |
| 21:21 | Hippogryph |
| 21:22 | Archer |
| 21:34 | Scroll of Town Portal |
| 21:37 | Potion of Lesser Invulnerability |
| 22:15 | Scout |
| 22:59 | Archer |
| 22:59 | Archer |
| 23:01 | Hippogryph |
| 23:01 | Hippogryph |
| 23:28 | Scroll of Healing |
| 23:31 | Scroll of Healing |
| 24:05 | Spirit of Vengeance |
| 24:37 | Trueshot Aura |
| 24:44 | Potion of Mana |
| 25:07 | Archer |
| 25:07 | Archer |
| 25:07 | Archer |
| 25:09 | Hippogryph |
| 25:09 | Hippogryph |
| 25:09 | Hippogryph |
| 25:26 | Lesser Clarity Potion |
| 25:28 | Potion of Mana |
| 25:31 | Scroll of Town Portal |
| 25:32 | Scroll of Town Portal |
| Right click | 1210 |
| Select group | 604 |
| Select | 564 |
| Misc. action | 322 |
| Build/train/purchase | 179 |
| Use ability | 37 |
| Assign group | 21 |
| Minimap ping | 20 |
| Resource trade | 7 |
| Item give/drop | 5 |
| Remove unit | 5 |


| Healing Salve | 2 | 200 |
| Lesser Clarity Potion | 1 | 70 |
| Orb of Lightning | 1 | 375 |
| Scroll of Town Portal | 1 | 350 |
| total: | 5 | 995g |
| Peon | 6 | 450 | / | 0 |
| Grunt | 2 | 400 | / | 0 |
| Troll Headhunter | 3 | 420 | / | 60 |
| Wind Rider | 13 | 3445 | / | 520 |
| Kodo Beast | 4 | 1020 | / | 240 |
| Troll Berserker | 8 | 1120 | / | 160 |
| Goblin Shredder | 1 | 375 | / | 100 |
| total: | 37 | 7230g | / | 1080w |
| Watch Tower | 6 | 660 | / | 480 |
| Altar of Storms | 1 | 180 | / | 50 |
| Orc Burrow | 8 | 1280 | / | 320 |
| Barracks | 1 | 180 | / | 50 |
| Voodoo Lounge | 1 | 130 | / | 30 |
| War Mill | 2 | 410 | / | 0 |
| Great Hall | 1 | 385 | / | 185 |
| Beastiary | 2 | 290 | / | 280 |
| Stronghold | 1 | 315 | / | 190 |
| Fortress | 1 | 325 | / | 190 |
| total: | 22 | 3515g | / | 1395w |
| 0:04 | Peon |
| 0:18 | Altar of Storms |
| 0:21 | Peon |
| 0:26 | Orc Burrow |
| 0:36 | Barracks |
| 0:39 | Peon |
| 0:48 | Peon |
| 1:05 | Peon |
| 1:30 | Orc Burrow |
| 1:39 | Grunt |
| 1:51 | Voodoo Lounge |
| 1:55 | Peon |
| 2:17 | War Mill |
| 2:26 | War Stomp |
| 2:38 | Grunt |
| 3:06 | Stronghold |
| 3:29 | Troll Headhunter |
| 3:38 | Orc Burrow |
| 3:48 | Endurance Aura |
| 4:08 | Healing Salve |
| 4:39 | Troll Headhunter |
| 5:03 | Lesser Clarity Potion |
| 5:21 | Goblin Shredder |
| 5:30 | Steel Ranged Weapons |
| 5:35 | Beastiary |
| 6:51 | Great Hall |
| 6:58 | Wind Rider |
| 7:01 | Beastiary |
| 7:18 | Orc Burrow |
| 7:26 | War Stomp |
| 7:28 | Healing Wave |
| 7:35 | Healing Salve |
| 7:59 | Fortress |
| 8:15 | Orc Burrow |
| 8:42 | Kodo Beast |
| 9:05 | Wind Rider |
| 9:21 | Orc Burrow |
| 10:24 | Envenomed Spears |
| 10:26 | Wind Rider |
| 10:30 | Thorium Ranged Weapons |
| 10:37 | Serpent Ward |
| 10:51 | War Mill |
| 11:00 | Wind Rider |
| 11:02 | Kodo Beast |
| 11:02 | War Drums Damage Increase |
| 12:17 | Wind Rider |
| 12:44 | Wind Rider |
| 12:45 | Wind Rider |
| 12:52 | Steel Armor |
| 12:53 | Arcanite Ranged Weapons |
| 13:00 | Kodo Beast |
| 13:02 | Kodo Beast |
| 13:04 | Orb of Lightning |
| 13:12 | Berserker Upgrade |
| 13:31 | Troll Regeneration |
| 13:33 | Troll Headhunter |
| 13:56 | Wind Rider |
| 13:57 | Wind Rider |
| 14:28 | Wind Rider |
| 14:52 | Endurance Aura |
| 15:03 | Troll Berserker |
| 15:07 | Thorium Armor |
| 15:09 | Reinforced Defenses |
| 15:23 | Healing Wave |
| 15:30 | Orc Burrow |
| 15:32 | Orc Burrow |
| 16:10 | Troll Berserker |
| 16:30 | Troll Berserker |
| 16:31 | Troll Berserker |
| 16:58 | Arcanite Armor |
| 17:24 | Troll Berserker |
| 17:27 | Wind Rider |
| 18:15 | Troll Berserker |
| 18:15 | Troll Berserker |
| 19:38 | Troll Berserker |
| 19:50 | Watch Tower |
| 19:52 | Watch Tower |
| 19:52 | Watch Tower |
| 19:54 | Watch Tower |
| 22:04 | Scroll of Town Portal |
| 22:46 | Endurance Aura |
| 23:01 | Serpent Ward |
| 23:06 | Wind Rider |
| 24:31 | Wind Rider |
| 24:37 | Reincarnation |
| 24:54 | Healing Wave |
| 25:02 | Watch Tower |
| 25:03 | Watch Tower |
| 25:05 | Spiked Barricades |
| 25:08 | Steel Melee Weapons |
| 25:11 | Berserker Strength |
| 25:12 | Burning Oil |
| 25:14 | Liquid Fire |
| 25:15 | Ensnare |
| Right click | 400 |
| Select group | 374 |
| Select | 331 |
| Misc. action | 158 |
| Build/train/purchase | 88 |
| Assign group | 31 |
| Use ability | 19 |
| Minimap ping | 5 |
| Item give/drop | 1 |
196 units @ 26.6k
/ 4.5k
92 buildings @ 13.5k
/ 6k



| Scroll of Regeneration | 1 | 100 |
| Orb of Fire | 1 | 325 |
| Scroll of Town Portal | 6 | 2100 |
| total: | 8 | 2525g |
| Peasant | 8 | 600 | / | 0 |
| Footman | 5 | 675 | / | 0 |
| Rifleman | 17 | 3485 | / | 510 |
| Mortar Team | 12 | 2160 | / | 840 |
| Siege Engine | 2 | 390 | / | 120 |
| Goblin Shredder | 1 | 375 | / | 100 |
| total: | 45 | 7685g | / | 1570w |
| Scout Tower | 4 | 120 | / | 80 |
| Guard Tower | 3 | 210 | / | 150 |
| Arcane Tower | 1 | 70 | / | 50 |
| Altar of Kings | 1 | 180 | / | 50 |
| Farm | 12 | 960 | / | 240 |
| Barracks | 1 | 160 | / | 60 |
| Lumber Mill | 1 | 120 | / | 0 |
| Blacksmith | 1 | 140 | / | 60 |
| Arcane Vault | 1 | 130 | / | 30 |
| Town Hall | 1 | 385 | / | 205 |
| Workshop | 2 | 280 | / | 280 |
| Keep | 1 | 320 | / | 210 |
| Castle | 1 | 360 | / | 210 |
| total: | 24 | 2475g | / | 1005w |
| 0:04 | Peasant |
| 0:05 | Peasant |
| 0:05 | Peasant |
| 0:26 | Altar of Kings |
| 0:39 | Farm |
| 0:50 | Peasant |
| 0:53 | Barracks |
| 0:58 | Peasant |
| 0:59 | Peasant |
| 1:04 | Farm |
| 1:15 | Lumber Mill |
| 1:17 | Peasant |
| 1:24 | Peasant |
| 1:47 | Farm |
| 1:56 | Footman |
| 2:01 | Scout Tower |
| 2:15 | Farm |
| 2:19 | Footman |
| 2:28 | Guard Tower |
| 2:41 | Footman |
| 2:49 | Healing Spray |
| 2:57 | Farm |
| 3:01 | Blacksmith |
| 3:08 | Footman |
| 3:14 | Arcane Vault |
| 3:36 | Footman |
| 3:39 | Farm |
| 4:09 | Keep |
| 4:12 | Scout Tower |
| 4:57 | Guard Tower |
| 5:04 | Rifleman |
| 5:54 | Improved Masonry |
| 6:40 | Rifleman |
| 7:07 | Acid Bomb |
| 7:16 | Rifleman |
| 7:20 | Farm |
| 7:27 | Black Gunpowder |
| 7:35 | Rifleman |
| 7:58 | Brilliance Aura |
| 9:01 | Scout Tower |
| 9:03 | Castle |
| 9:04 | Long Rifles |
| 9:05 | Advanced Masonry |
| 9:07 | Studded Leather Armor |
| 9:36 | Arcane Tower |
| 9:41 | Healing Spray |
| 9:58 | Town Hall |
| 10:08 | Goblin Shredder |
| 10:21 | Farm |
| 10:25 | Rifleman |
| 10:26 | Refined Gunpowder |
| 10:33 | Workshop |
| 10:43 | Rifleman |
| 10:56 | Farm |
| 11:21 | Rifleman |
| 11:30 | Scroll of Town Portal |
| 12:05 | Blizzard |
| 12:39 | Rifleman |
| 12:39 | Rifleman |
| 12:39 | Rifleman |
| 12:41 | Imbued Gunpowder |
| 12:52 | Farm |
| 12:55 | Mortar Team |
| 12:57 | Fragmentation Shards |
| 13:45 | Flame Strike |
| 13:50 | Farm |
| 13:52 | Mortar Team |
| 13:52 | Mortar Team |
| 13:54 | Reinforced Leather Armor |
| 14:48 | Rifleman |
| 14:48 | Rifleman |
| 15:01 | Scroll of Regeneration |
| 15:01 | Scroll of Town Portal |
| 15:09 | Orb of Fire |
| 15:14 | Imbued Masonry |
| 15:15 | Mortar Team |
| 15:16 | Mortar Team |
| 15:19 | Farm |
| 15:35 | Rifleman |
| 15:39 | Mortar Team |
| 16:07 | Dragonhide Armor |
| 16:10 | Flare |
| 16:41 | Acid Bomb |
| 17:22 | Brilliance Aura |
| 17:50 | Rifleman |
| 17:50 | Rifleman |
| 18:04 | Scroll of Town Portal |
| 18:08 | Mortar Team |
| 18:08 | Mortar Team |
| 18:13 | Scroll of Town Portal |
| 18:26 | Scout Tower |
| 18:40 | Mortar Team |
| 18:43 | Workshop |
| 19:37 | Guard Tower |
| 20:07 | Mortar Team |
| 20:09 | Scroll of Town Portal |
| 20:39 | Barrage |
| 20:40 | Siege Engine |
| 20:43 | Siphon Mana |
| 21:30 | Healing Spray |
| 21:40 | Siege Engine |
| 21:42 | Iron Plating |
| 22:56 | Mortar Team |
| 23:03 | Rifleman |
| 23:03 | Rifleman |
| 23:11 | Scroll of Town Portal |
| 24:15 | Mortar Team |
| Right click | 652 |
| Select | 449 |
| Build/train/purchase | 90 |
| Use ability | 45 |
| Resource trade | 7 |
| Chat | 4 |
| Item give/drop | 2 |
| Remove unit | 1 |


| Staff of Preservation | 2 | 300 |
| Orb of Venom | 2 | 650 |
| Potion of Healing | 1 | 150 |
| Scroll of Healing | 5 | 1250 |
| Scroll of Town Portal | 3 | 1050 |
| Potion of Lesser Invulnerability | 2 | 300 |
| Staff of Teleportation | 1 | 150 |
| total: | 16 | 3850g |
| Wisp | 17 | 1020 | / | 0 |
| Archer | 7 | 910 | / | 70 |
| Druid of the Claw | 6 | 1530 | / | 480 |
| Mountain Giant | 6 | 2100 | / | 600 |
| Hippogryph | 7 | 1120 | / | 140 |
| Goblin Shredder | 1 | 375 | / | 100 |
| total: | 44 | 7055g | / | 1390w |
| Ancient Protector | 1 | 135 | / | 80 |
| Altar of Elders | 1 | 180 | / | 50 |
| Moon Well | 8 | 1440 | / | 320 |
| Ancient of War | 1 | 150 | / | 60 |
| Hunter's Hall | 1 | 210 | / | 100 |
| Ancient of Wonders | 1 | 90 | / | 30 |
| Tree of Life | 1 | 340 | / | 185 |
| Ancient of Lore | 3 | 465 | / | 435 |
| Ancient of Wind | 4 | 600 | / | 560 |
| Tree of Ages | 1 | 320 | / | 180 |
| Tree of Eternity | 1 | 330 | / | 200 |
| total: | 21 | 3610g | / | 1820w |
| 0:01 | Wisp |
| 0:04 | Wisp |
| 0:06 | Altar of Elders |
| 0:17 | Moon Well |
| 0:21 | Wisp |
| 0:33 | Wisp |
| 0:37 | Ancient of War |
| 0:50 | Wisp |
| 0:59 | Wisp |
| 1:14 | Wisp |
| 1:26 | Moon Well |
| 1:35 | Wisp |
| 1:38 | Archer |
| 1:45 | Wisp |
| 2:07 | Mana Burn |
| 2:22 | Moon Well |
| 2:23 | Wisp |
| 2:23 | Wisp |
| 2:52 | Archer |
| 2:53 | Tree of Ages |
| 3:08 | Archer |
| 3:27 | Hunter's Hall |
| 3:37 | Archer |
| 3:51 | Evasion |
| 4:00 | Archer |
| 4:15 | Ancient of Wonders |
| 4:22 | Archer |
| 4:55 | Archer |
| 5:00 | Tree of Life |
| 5:16 | Moon Well |
| 5:29 | Staff of Preservation |
| 5:45 | Ancient of Lore |
| 6:12 | Tree of Eternity |
| 6:20 | Mana Burn |
| 7:31 | Druid of the Claw |
| 7:35 | Ancient of Lore |
| 7:40 | Wisp |
| 7:42 | Wisp |
| 7:49 | Force of Nature |
| 7:57 | Staff of Preservation |
| 8:06 | Druid of the Claw Adept Training |
| 8:11 | Wisp |
| 8:12 | Wisp |
| 8:24 | Druid of the Claw |
| 8:29 | Wisp |
| 8:29 | Wisp |
| 8:39 | Druid of the Claw Master Training |
| 8:58 | Goblin Shredder |
| 9:15 | Moon Well |
| 9:57 | Ancient of Lore |
| 9:59 | Moon Well |
| 10:09 | Scroll of Healing |
| 10:09 | Potion of Lesser Invulnerability |
| 10:20 | Ancient Protector |
| 10:24 | Druid of the Claw |
| 10:25 | Resistant Skin |
| 10:35 | Well Spring |
| 11:09 | Druid of the Claw |
| 11:10 | Scroll of Town Portal |
| 11:11 | Orb of Venom |
| 11:21 | Hardened Skin |
| 11:27 | Abolish Magic |
| 11:31 | Ultravision |
| 11:33 | Reinforced Hides |
| 12:24 | Entangling Roots |
| 12:35 | Evasion |
| 12:37 | Mountain Giant |
| 12:40 | Druid of the Claw |
| 12:47 | Scroll of Healing |
| 12:54 | Strength of the Wild |
| 13:08 | Nature's Blessing |
| 13:26 | Staff of Teleportation |
| 13:39 | Scroll of Town Portal |
| 13:45 | Mark of the Claw |
| 13:54 | Mountain Giant |
| 13:55 | Improved Reinforced Hides |
| 15:01 | Druid of the Claw |
| 16:01 | Mountain Giant |
| 16:33 | Mountain Giant |
| 16:37 | Improved Strength of the Wild |
| 17:35 | Mountain Giant |
| 17:38 | Advanced Reinforced Hides |
| 18:50 | Advanced Strength of the Wild |
| 18:53 | Scroll of Town Portal |
| 19:21 | Potion of Lesser Invulnerability |
| 19:21 | Scroll of Healing |
| 19:48 | Mountain Giant |
| 20:21 | Scroll of Healing |
| 21:03 | Ancient of Wind |
| 21:05 | Ancient of Wind |
| 21:06 | Ancient of Wind |
| 21:07 | Ancient of Wind |
| 21:17 | Entangling Roots |
| 22:01 | Moon Well |
| 22:12 | Mana Burn |
| 22:22 | Orb of Venom |
| 22:39 | Hippogryph |
| 22:39 | Hippogryph |
| 22:39 | Hippogryph |
| 22:46 | Hippogryph |
| 23:00 | Scroll of Healing |
| 23:29 | Moon Well |
| 23:32 | Hippogryph |
| 25:03 | Potion of Healing |
| 25:14 | Hippogryph |
| 25:14 | Hippogryph |
| Select group | 1499 |
| Right click | 1076 |
| Select | 798 |
| Misc. action | 428 |
| Build/train/purchase | 122 |
| Use ability | 85 |
| Assign group | 61 |
| Chat | 55 |
| Resource trade | 8 |
| Item give/drop | 7 |
| Remove unit | 4 |
| Minimap ping | 2 |


| Orb of Venom | 1 | 325 |
| Potion of Healing | 1 | 150 |
| Scroll of Town Portal | 2 | 700 |
| Boots of Speed | 1 | 250 |
| total: | 5 | 1425g |
| Wisp | 35 | 2100 | / | 0 |
| Archer | 19 | 2470 | / | 190 |
| Glaive Thrower | 3 | 630 | / | 195 |
| Hippogryph | 9 | 1440 | / | 180 |
| Goblin Shredder | 1 | 375 | / | 100 |
| total: | 67 | 7015g | / | 665w |
| Ancient Protector | 1 | 135 | / | 80 |
| Ancient of War | 4 | 600 | / | 240 |
| Moon Well | 9 | 1620 | / | 360 |
| Altar of Elders | 2 | 360 | / | 100 |
| Hunter's Hall | 1 | 210 | / | 100 |
| Ancient of Wonders | 1 | 90 | / | 30 |
| Tree of Life | 4 | 1360 | / | 740 |
| Ancient of Wind | 3 | 450 | / | 420 |
| Tree of Ages | 2 | 640 | / | 360 |
| Tree of Eternity | 1 | 330 | / | 200 |
| total: | 25 | 4825g | / | 2070w |
| 0:02 | Wisp |
| 0:04 | Wisp |
| 0:17 | Wisp |
| 0:31 | Ancient of War |
| 0:32 | Moon Well |
| 0:34 | Wisp |
| 0:43 | Wisp |
| 0:59 | Altar of Elders |
| 1:02 | Wisp |
| 1:13 | Moon Well |
| 1:27 | Wisp |
| 1:32 | Archer |
| 1:38 | Wisp |
| 1:47 | Wisp |
| 1:55 | Archer |
| 2:04 | Archer |
| 2:26 | Black Arrow |
| 2:39 | Archer |
| 2:44 | Moon Well |
| 2:58 | Archer |
| 3:49 | Archer |
| 3:49 | Wisp |
| 3:50 | Wisp |
| 3:52 | Hunter's Hall |
| 4:13 | Ancient of Wonders |
| 4:16 | Archer |
| 4:30 | Wisp |
| 4:52 | Tree of Life |
| 5:04 | Archer |
| 5:16 | Ancient Protector |
| 5:20 | Life Drain |
| 5:25 | Archer |
| 5:38 | Archer |
| 5:48 | Goblin Shredder |
| 6:02 | Strength of the Moon |
| 6:14 | Archer |
| 6:31 | Archer |
| 6:41 | Black Arrow |
| 6:57 | Wisp |
| 6:57 | Wisp |
| 6:57 | Wisp |
| 6:57 | Wisp |
| 7:04 | Wisp |
| 7:04 | Wisp |
| 7:33 | Tree of Life |
| 7:35 | Wisp |
| 8:01 | Tree of Ages |
| 8:27 | Ancient of War |
| 8:29 | Moon Armor |
| 8:55 | Ancient of War |
| 8:56 | Moon Well |
| 9:17 | Ultravision |
| 9:34 | Life Drain |
| 9:38 | Wisp |
| 9:38 | Wisp |
| 9:38 | Wisp |
| 9:38 | Wisp |
| 9:38 | Wisp |
| 9:44 | Glaive Thrower |
| 9:58 | Moon Well |
| 10:07 | Glaive Thrower |
| 10:24 | Improved Bows |
| 10:46 | Improved Moon Armor |
| 10:48 | Ancient of Wind |
| 10:49 | Ancient of Wind |
| 11:05 | Archer |
| 11:17 | Vorpal Blades |
| 11:26 | Trueshot Aura |
| 11:39 | Archer |
| 11:49 | Archer |
| 12:20 | Archer |
| 12:37 | Tree of Eternity |
| 12:39 | Nature's Blessing |
| 12:56 | Improved Strength of the Moon |
| 13:08 | Glaive Thrower |
| 13:49 | Scout |
| 14:22 | Hippogryph |
| 14:43 | Wisp |
| 15:14 | Archer |
| 15:18 | Marksmanship |
| 15:19 | Hippogryph |
| 15:39 | Archer |
| 15:53 | Archer |
| 16:08 | Hippogryph |
| 16:12 | Advanced Strength of the Moon |
| 16:30 | Hippogryph |
| 16:34 | Moon Well |
| 17:38 | Tree of Life |
| 17:41 | Advanced Moon Armor |
| 18:19 | Silence |
| 18:34 | Hippogryph |
| 18:48 | Scroll of Town Portal |
| 18:49 | Orb of Venom |
| 18:50 | Potion of Healing |
| 19:12 | Hippogryph |
| 19:14 | Moon Well |
| 20:13 | Hippogryph |
| 21:15 | Tree of Ages |
| 21:31 | Trueshot Aura |
| 22:03 | Moon Well |
| 22:40 | Tree of Life |
| 23:04 | Moon Well |
| 23:17 | Scroll of Town Portal |
| 23:17 | Boots of Speed |
| 23:31 | Charm |
| 23:57 | Wisp |
| 23:57 | Wisp |
| 24:02 | Ancient of Wind |
| 24:02 | Wisp |
| 24:02 | Wisp |
| 24:18 | Ancient of War |
| 24:55 | Wisp |
| 24:55 | Wisp |
| 24:55 | Wisp |
| 24:55 | Wisp |
| 24:55 | Wisp |
| 25:14 | Wisp |
| 25:15 | Hippogryph |
| 25:15 | Hippogryph |
| 25:20 | Altar of Elders |
| Right click | 915 |
| Select group | 879 |
| Select | 597 |
| Misc. action | 177 |
| Build/train/purchase | 124 |
| Assign group | 49 |
| Chat | 33 |
| Use ability | 14 |
| Esc | 10 |
| Resource trade | 8 |
| Minimap ping | 5 |
| Item give/drop | 4 |



| Scroll of Regeneration | 10 | 1000 |
| Lesser Clarity Potion | 8 | 560 |
| Potion of Mana | 3 | 600 |
| Orb of Fire | 2 | 650 |
| Potion of Healing | 2 | 300 |
| Scroll of Town Portal | 7 | 2450 |
| Boots of Speed | 1 | 250 |
| total: | 33 | 5810g |
| Peasant | 11 | 825 | / | 0 |
| Rifleman | 11 | 2255 | / | 330 |
| Flying Machine | 18 | 1800 | / | 540 |
| total: | 40 | 4880g | / | 870w |
| Scout Tower | 1 | 30 | / | 20 |
| Arcane Tower | 1 | 70 | / | 50 |
| Blacksmith | 1 | 140 | / | 60 |
| Altar of Kings | 1 | 180 | / | 50 |
| Barracks | 2 | 320 | / | 120 |
| Farm | 11 | 880 | / | 220 |
| Lumber Mill | 1 | 120 | / | 0 |
| Arcane Vault | 1 | 130 | / | 30 |
| Town Hall | 1 | 385 | / | 205 |
| Workshop | 3 | 420 | / | 420 |
| Keep | 1 | 320 | / | 210 |
| Castle | 1 | 360 | / | 210 |
| total: | 22 | 2605g | / | 1125w |
| 0:04 | Peasant |
| 0:05 | Peasant |
| 0:05 | Peasant |
| 1:04 | Peasant |
| 1:04 | Peasant |
| 1:12 | Peasant |
| 1:23 | Blacksmith |
| 1:25 | Peasant |
| 1:36 | Altar of Kings |
| 1:52 | Barracks |
| 1:55 | Farm |
| 1:57 | Peasant |
| 2:07 | Barracks |
| 2:17 | Farm |
| 2:49 | Farm |
| 2:52 | Farm |
| 2:59 | Scout Tower |
| 3:03 | Lumber Mill |
| 3:17 | Rifleman |
| 3:29 | Arcane Tower |
| 3:37 | Rifleman |
| 3:52 | Thunder Clap |
| 3:58 | Rifleman |
| 4:06 | Farm |
| 4:23 | Farm |
| 4:34 | Arcane Vault |
| 4:45 | Rifleman |
| 4:45 | Rifleman |
| 5:02 | Storm Bolt |
| 5:06 | Rifleman |
| 5:16 | Farm |
| 6:01 | Keep |
| 6:10 | Scroll of Regeneration |
| 6:19 | Town Hall |
| 6:24 | Lesser Clarity Potion |
| 6:33 | Scroll of Regeneration |
| 6:44 | Black Gunpowder |
| 7:11 | Thunder Clap |
| 7:50 | Rifleman |
| 7:51 | Studded Leather Armor |
| 7:54 | Farm |
| 8:20 | Storm Bolt |
| 8:40 | Lesser Clarity Potion |
| 8:42 | Lesser Clarity Potion |
| 8:42 | Scroll of Regeneration |
| 9:01 | Long Rifles |
| 9:03 | Peasant |
| 9:33 | Refined Gunpowder |
| 9:34 | Castle |
| 10:25 | Holy Light |
| 10:29 | Rifleman |
| 10:31 | Scroll of Town Portal |
| 10:32 | Scroll of Regeneration |
| 10:32 | Scroll of Regeneration |
| 10:54 | Peasant |
| 10:54 | Peasant |
| 10:57 | Reinforced Leather Armor |
| 11:01 | Improved Masonry |
| 12:22 | Divine Shield |
| 12:40 | Boots of Speed |
| 12:44 | Scroll of Town Portal |
| 13:00 | Imbued Gunpowder |
| 14:42 | Thunder Clap |
| 14:48 | Scroll of Regeneration |
| 14:50 | Lesser Clarity Potion |
| 14:53 | Rifleman |
| 14:53 | Rifleman |
| 14:57 | Lesser Clarity Potion |
| 14:57 | Scroll of Regeneration |
| 15:01 | Scroll of Town Portal |
| 15:01 | Potion of Mana |
| 15:02 | Potion of Mana |
| 15:05 | Orb of Fire |
| 15:13 | Brilliance Aura |
| 15:22 | Rifleman |
| 15:39 | Workshop |
| 15:41 | Workshop |
| 16:03 | Holy Light |
| 16:17 | Dragonhide Armor |
| 16:18 | Advanced Masonry |
| 17:24 | Scroll of Town Portal |
| 17:25 | Lesser Clarity Potion |
| 17:27 | Potion of Mana |
| 17:37 | Scroll of Regeneration |
| 17:37 | Lesser Clarity Potion |
| 17:51 | Imbued Masonry |
| 17:56 | Flying Machine Bombs |
| 17:56 | Flak Cannons |
| 19:23 | Flying Machine |
| 19:23 | Flying Machine |
| 19:25 | Flying Machine |
| 19:28 | Farm |
| 19:28 | Farm |
| 19:41 | Flying Machine |
| 19:55 | Flying Machine |
| 19:55 | Flying Machine |
| 20:20 | Flying Machine |
| 20:28 | Scroll of Town Portal |
| 20:28 | Orb of Fire |
| 20:28 | Scroll of Regeneration |
| 20:28 | Scroll of Regeneration |
| 20:35 | Blizzard |
| 21:17 | Flying Machine |
| 21:17 | Flying Machine |
| 21:18 | Flying Machine |
| 21:23 | Scroll of Town Portal |
| 21:31 | Farm |
| 21:38 | Flying Machine |
| 21:56 | Flying Machine |
| 22:05 | Scroll of Town Portal |
| 23:02 | Flying Machine |
| 23:02 | Flying Machine |
| 23:28 | Flying Machine |
| 23:32 | Workshop |
| 23:34 | Flying Machine |
| 23:47 | Flying Machine |
| 23:48 | Flying Machine |
| 23:57 | Lesser Clarity Potion |
| 24:33 | Divine Shield |
| 24:54 | Potion of Healing |
| 24:54 | Potion of Healing |
| Right click | 1033 |
| Select group | 419 |
| Select | 413 |
| Chat | 153 |
| Build/train/purchase | 148 |
| Use ability | 48 |
| Assign group | 30 |
| Minimap ping | 9 |
| Item give/drop | 8 |
| Esc | 1 |
⇛